 Dungeon Crawl Stone Soup version 0.16.1-51-g6203257 (webtiles) character file.

244 teebee the Skirmisher (level 6, -5/57 HPs)
             Began as a Hill Orc Fighter on Aug 11, 2015.
             Was a Follower of Okawaru.
             Slain by an orc warrior
             ... wielding a +0 battleaxe
              (16 damage)
             ... on level 4 of the Dungeon.
             The game lasted 00:09:45 (2482 turns).

teebee the Skirmisher (Hill Orc Fighter)            Turns: 2482, Time: 00:09:45

Health: -5/57      AC: 12    Str: 20    XL:     6   Next: 10%
Magic:  6/6        EV:  6    Int:  8    God:    Okawaru [*.....]
Gold:   130        SH:  0    Dex: 11    Spells: 0 memorised, 5 levels left

rFire  . . .     SeeInvis .     a - +0 long sword
rCold  . . .     Clarity  .     e - +1 plate armour
rNeg   . . .     SustAb   .     (no shield)
rPois  .         Gourm    .     (no helmet)
rElec  .         Spirit   .     (no cloak)
rCorr  .         Warding  .     (no gloves)
rMut   .         Stasis   .     (no boots)
MR     .....                    (no amulet)
Stlth  ..........               (no ring)
                                l - +3 ring of slaying

@: hasted and slowed, not resistant to hostile enchantments, extremely
unstealthy
A: no striking features
a: Heroism, Renounce Religion, Convert to Beogh


You were on level 4 of the Dungeon.
You worshipped Okawaru.
Okawaru was aware of your devotion.
You were not hungry.

You visited 1 branch of the dungeon, and saw 4 of its levels.

You collected 130 gold pieces.

Inventory:

Hand weapons
 a - a +0 long sword (weapon)
Armour
 b - a +0 scale mail
 c - a +0 shield
 e - a +1 plate armour (worn)
 r - the +2 scale mail "Litof" {Int+2}
   (You found it on level 4 of the Dungeon)

   It affects your intelligence (+2).
Jewellery
 f - an uncursed ring of protection from fire {unknown}
 l - a +3 ring of slaying (left hand)
 x - the ring of Spite {MR+ Str+2 SInv, unknown}
   (You found it on level 4 of the Dungeon)

   [ring of see invisible]

   It affects your strength (+2).
   It affects your resistance to hostile enchantments.
   It enhances your eyesight.
Scrolls
 h - 2 scrolls of noise
 i - 4 scrolls of identify
 j - a scroll of teleportation
 m - a scroll of blinking {unknown}
 p - a scroll of random uselessness
 q - a scroll of enchant armour
 v - a scroll of remove curse {unknown}
Potions
 s - a potion of cure mutation
 t - a potion of might
 w - a potion of curing {unknown}
Comestibles
 d - 3 meat rations
 g - a beef jerky
 k - a slice of pizza
 n - 2 bread rations
 u - 3 chunks of flesh


   Skills:
 * Level 5.9 Fighting
 * Level 5.0 Long Blades
 - Level 3.2 Armour
 - Level 1.0 Dodging
 - Level 3.2 Shields


You had 5 spell levels left.
You didn't know any spells.

Dungeon Overview and Level Annotations

Branches:
Dungeon (4/15)
 Temple: D:4-7

Altars:
Gozag
Okawaru


Message History

The orc wizard hits you with a dagger.
You hit the orc wizard but do no damage.
The orc wizard is almost dead.
The orc warrior hits you with a battleaxe.
The orc wizard gestures wildly while chanting.
The orc wizard blinks!
The orc warrior hits you with a battleaxe!!
You hit the orc.
The orc is lightly wounded.
The orc priest shouts, "Beogh is our master!
Accept the truth or die!"
The orc barely misses you.
The orc wizard gestures wildly while chanting.
The orc wizard blinks!
The orc warrior hits you with a battleaxe!
* * * LOW HITPOINT WARNING * * *
The orc hits you but does no damage.
Drink which item? (? for menu, Esc to quit)
You feel yourself speed up.
The orc warrior hits you with a battleaxe!
You die...

##...#......#.....##
##.........
##...######......###
##........ #...##
##.....#### #...####.
...## ##..#....# ##.##
## .### #..#... ....#
.### ##..#.# ..###..#
...## #.....# ## ....
#...## ##.....# .....
##...### ##..##.@# .....
##....###..####ooo(.$...
...# ###...#...#
#.#o#.#.. . ##.....##
#.#..? ##...## #.# 8.o
##.## #.# ##(. #.# #.# .
#.. #.# #..# #.#


You could see an orc warrior, an orc priest, an orc wizard and 2 orcs.

Vanquished Creatures
  An orc priest (D:3)
  A giant frog skeleton (D:4)
  Jessica (D:2)
  3 gnolls (D:2)
  4 adders
  3 worms (D:2)
  An ooze (D:3)
  5 orcs (D:3)
  2 ball pythons (D:2)
  4 giant cockroaches
  11 goblins
  7 hobgoblins
  2 jackals (D:2)
  A quokka (D:3)
  10 bats
  3 giant geckos
  7 giant newts
  5 kobolds
  8 rats
79 creatures vanquished.

Notes
Turn   | Place    | Note
--------------------------------------------------------------
     0 | D:1      | teebee, the Hill Orc Fighter, began the quest for the Orb.
     0 | D:1      | Reached XP level 1. HP: 19/19 MP: 1/1
   149 | D:1      | Reached skill level 4 in Fighting
   149 | D:1      | Reached XP level 2. HP: 25/27 MP: 2/2
   595 | D:2      | Reached XP level 3. HP: 34/34 MP: 3/3
   633 | D:2      | Found an iron altar of Okawaru.
   655 | D:2      | Became a worshipper of Warmaster Okawaru
   657 | D:2      | Noticed Jessica
   661 | D:2      | Killed Jessica
   678 | D:2      | Found an opulent altar of Gozag.
   760 | D:2      | Reached skill level 5 in Fighting
   762 | D:2      | Reached XP level 4. HP: 32/42 MP: 4/4
  1062 | D:2      | Reached XP level 5. HP: 48/48 MP: 5/5
  2114 | D:4      | Got a slimy scale mail
  2115 | D:4      | Identified the +2 scale mail "Litof" {Int+2} (You found it on level 4 of the Dungeon)
  2333 | D:4      | Acquired Okawaru's first power
  2333 | D:4      | Reached skill level 5 in Long Blades
  2333 | D:4      | Reached skill level 1 in Dodging
  2333 | D:4      | Reached XP level 6. HP: 51/57 MP: 6/6
  2467 | D:4      | Got a flickering tin ring
  2472 | D:4      | Noticed an orc warrior
  2482 | D:4      | Slain by an orc warrior

Action                   |  1- 3 |  4- 6 || total
-------------------------+-------+-------++-------
Melee: Long sword        |   101 |   183 ||   284
  Use: Scroll            |     1 |     8 ||     9
       Potion            |     1 |     7 ||     8
  Eat: Chunk             |       |     6 ||     6
